 Dungeon Crawl Stone Soup version 0.31-a0-210-gccc998df9b (webtiles) character file.

Game seed: 11049956119121485683

122 qw the Shooter (level 4, 0/35 (36) HPs)
             Began as a Minotaur Hexslinger on June 29, 2023.
             Slain by Natasha (9 damage)
             ... on level 3 of the Dungeon.
             The game lasted 00:00:43 (1726 turns).

qw the Shooter (Minotaur Hexslinger)                Turns: 1726, Time: 00:00:43

HP:   0/35 (36)     AC:  3    Str: 18    XL:     4   Next: 78%
MP:   4/4           EV: 12    Int: 10    God:
Gold: 60            SH:  0    Dex: 15    Spells: 4/5 levels left

rFire   . . .        Y - +1 sling
rCold   . . .        (no shield)
rNeg    . . .        d - +0 leather armour
rPois   .            (helmet restricted)
rElec   .            (no cloak)
rCorr   .            (no gloves)
SInv    .            (no boots)
Will    .....        (no amulet)
Stlth   +            k - +6 ring of strength
HPRegen 0.25/turn    (no ring)
MPRegen 0.09/turn

%: no passive effects
@: lightly drained
A: horns 2, retaliatory headbutt
a: no special abilities


You were on level 3 of the Dungeon.
You visited 1 branch of the dungeon, and saw 3 of its levels.

You collected 155 gold pieces.
You spent 95 gold pieces at shops.


Innate Abilities, Weirdness & Mutations

You have a pair of horns on your head.
You reflexively headbutt those who attack you in melee.


   Skills:
 + Level 2.1 Fighting
 - Level 5.3 Ranged Weapons
 - Level 2.1 Dodging
 - Level 1.0 Spellcasting
 - Level 2.0 Hexes


You had 4 spell levels left.
You knew the following spells:

 Your Spells              Type           Power      Damage    Failure   Level
a - Slow                  Hex            16%        N/A       19%         1

Your spell library contained the following spells:

 Spells                   Type           Power      Damage    Failure   Level
 Inner Flame              Hex/Fire       2%         N/A       63%         3
 Portal Projectile        Hex/Tloc       4%         N/A       63%         3
 Cause Fear               Hex            2%         N/A       87%         4

Inventory:

Hand Weapons
 Y - a +1 sling (weapon)
Armour
 d - a +0 leather armour (worn)
Jewellery
 e - an amulet of reflection
 k - a +6 ring of strength (left hand)
Scrolls
 b - 2 scrolls of enchant armour
 c - a scroll of fear {unknown}
 f - a scroll of identify
Potions
 h - a potion of might
 j - a potion of cancellation

Dungeon Overview and Level Annotations

Branches:
Dungeon (3/15)

Altars:

Shops:
D:2 ?(:(

Annotations:
D:3 Natasha


Message History

The sling bullet closely misses Natasha.
Natasha claws you.
The cerulean imp hits you from afar with a +1 spear.
Natasha closely misses you.
You shoot a sling bullet.
The sling bullet closely misses Natasha.
The cerulean imp hits you from afar with a +1 spear.
Natasha closely misses you.
You shoot a sling bullet.
The sling bullet closely misses Natasha.
The cerulean imp hits you but does no damage.
Natasha misses you.
The cerulean imp hits you from afar with a +1 spear.
You shoot a sling bullet. The sling bullet hits Natasha.
Natasha is lightly wounded.
Natasha stares at you and mumbles some strange words.
The magic dart hits you.
The cerulean imp hits you from afar with a +1 spear.
You shoot a sling bullet. The sling bullet barely misses Natasha.
Natasha claws you but does no damage.
The cerulean imp hits you from afar with a +1 spear.
You shoot a sling bullet.
The sling bullet closely misses Natasha.
Natasha closely misses you.
The cerulean imp hits you from afar with a +1 spear.
Natasha closely misses you.
A ball python comes into view.
You shoot a sling bullet. The sling bullet hits Natasha.
Natasha is heavily wounded.
The cerulean imp hits you from afar with a +1 spear.
Natasha completely misses you.
You shoot a sling bullet. The sling bullet hits Natasha.
Natasha is heavily wounded.
The cerulean imp hits you from afar with a +1 spear.
Natasha completely misses you. The cerulean imp misses you.
You shoot a sling bullet. The sling bullet misses Natasha.
The sling bullet hits the ball python.
The ball python is severely wounded.
Natasha claws you!
You die...

#.# ##.###.# #.#
######...##.#
##.####............#
#.......#####...#..#
##..###########.##..#
#...# #.....##..# #
#..#### #.######..# #.#
#.....# #.# #..#
..####..###.# #@# #..#
......%.#
#.....h).......#
#.###...# #......5......
#.###..#...#.!.#........
...##%.###.#...#S.....<.
...##..###.#...#........
.............> #........
...#######.##. #........
...#


You could see Natasha, a cerulean imp (summoned) and a ball python.

Vanquished Creatures
  Terence (D:3)
  5 adders
  A worm (D:2)
  2 dart slugs
  An orc (D:3)
  9 ball pythons
  2 giant cockroaches (D:1)
  3 goblins
  3 hobgoblins
  4 jackals (D:1)
  A quokka (D:1)
  3 bats
  2 frilled lizards (D:1)
  5 kobolds
  6 rats
48 creatures vanquished.

Notes
Turn   | Place    | Note
-------+----------+-------------------------------------------
     0 | D:1      | qw the Minotaur Hexslinger began the quest for the Orb.
     0 | D:1      | Reached XP level 1. HP: 16/16 MP: 1/1
     0 | D:1      | 0 ||| qw: Version: 0.3-a-24-ga2abf7b
     0 | D:1      | 0 ||| qw: Game counter: 6992
     0 | D:1      | 0 ||| qw: Melee chars always use a shield: true
     0 | D:1      | 0 ||| qw: God list: Okawaru
     0 | D:1      | 0 ||| qw: Allow faded altars: false
     0 | D:1      | 0 ||| qw: Do Orc after clearing Dungeon:15 true
     0 | D:1      | 0 ||| qw: Do second Lair branch before Depths: true
     0 | D:1      | 0 ||| qw: Lair rune preference: random
     0 | D:1      | 0 ||| qw: Goals: Normal
     0 | D:1      | 0 ||| PLANNING D:1-11
    90 | D:1      | Reached skill level 3 in Ranged Weapons
    94 | D:1      | Reached XP level 2. HP: 23/23 MP: 2/2
   498 | D:1      | Reached XP level 3. HP: 29/29 MP: 3/3
   505 | D:1      | 505 ||| UPGRADING to +0 leather armour.
   515 | D:1      | 515 ||| DROPPING +0 robe.
   516 | D:1      | 516 ||| READING scroll labelled DUITZE PEYKK.
   617 | D:1      | 617 ||| READING 2 scrolls labelled WILECKAKY.
   618 | D:1      | 618 ||| DROPPING scroll of poison.
   678 | D:2      | Found Zenosm's Book Shoppe.
   810 | D:2      | Reached skill level 4 in Ranged Weapons
  1078 | D:2      | Found Usifusaa's Weapon Boutique.
  1093 | D:2      | Found Kaic's Magic Scroll Boutique.
  1107 | D:2      | 1107 ||| BUYING scroll of enchant armour (75 gold).
  1107 | D:2      | Bought a scroll of enchant armour for 75 gold pieces
  1107 | D:2      | 1107 ||| SHOPLISTING scroll of enchant weapon (75 gold,
                  | have 26).
  1107 | D:2      | 1107 ||| BUYING scroll of identify (20 gold).
  1107 | D:2      | Bought a scroll of identify for 20 gold pieces
  1107 | D:2      | 1107 ||| SHOPLISTING scroll of identify (20 gold, have 6).
  1107 | D:2      | 1107 ||| SHOPLISTING scroll of teleportation (30 gold, have
                  | 6).
  1265 | D:2      | Found Cyritim's Antique Weapon Emporium.
  1362 | D:2      | Reached XP level 4. HP: 36/36 MP: 4/4
  1501 | D:2      | 1501 ||| UPGRADING to +6 ring of strength.
  1502 | D:2      | 1502 ||| READING scroll labelled VIDA KYSIZERO.
  1503 | D:2      | 1503 ||| READING scroll labelled SIGICU MIUSK.
  1504 | D:2      | 1504 ||| READING scroll labelled RONU MUARIF.
  1509 | D:2      | 1509 ||| READING 5 scrolls of identify.
  1509 | D:2      | 1509 ||| IDENTIFYING metallic cyan potion
  1510 | D:2      | 1510 ||| READING 4 scrolls of identify.
  1510 | D:2      | 1510 ||| IDENTIFYING viscous purple potion
  1511 | D:2      | 1511 ||| READING 3 scrolls of identify.
  1511 | D:2      | 1511 ||| IDENTIFYING yellow potion
  1512 | D:2      | 1512 ||| READING 2 scrolls of identify.
  1512 | D:2      | 1512 ||| IDENTIFYING inky potion
  1513 | D:2      | 1513 ||| DROPPING potion of lignification.
  1641 | D:3      | Noticed Terence
  1651 | D:3      | Killed Terence
  1652 | D:3      | Reached skill level 5 in Ranged Weapons
  1706 | D:3      | Noticed Natasha
  1716 | D:3      | HP: 5/35 [cerulean imp/+1 spear[Natasha] (5)]
  1717 | D:3      | 1717 ||| DRINKING potion of heal wounds.
  1725 | D:3      | HP: 8/35 [cerulean imp/+1 spear[Natasha] (3)]
  1726 | D:3      | Slain by Natasha

Levels and vault maps discovered:
D:1:      lemuel_arrival_lava_pool, layout_rooms
D:2:      layout_basic, serial_shops, nicolae_shop_behind_doors,
          nicolae_shop_pleasant_corner_grove, shop_scrolls, nicolae_shop_crystal
D:3:      layout_loops_ring, shapermc_ecumenical_altar_hornbeckon, uniq_terence,
          uniq_natasha

Skill      XL: |  1  2  3  4 |
---------------+-------------+-----
Ranged Weapons | 3 4 5 |  5.3
Fighting       | 2 |  2.1
Dodging        | |  2.1
Spellcasting   | |  1.0
Hexes          | |  2.0

Action                     |  1- 3 |  4- 6 || total
---------------------------+-------+-------++-------
   Fire: Sling             |   121 |    50 ||   171
    Use: Scroll            |     2 |     7 ||     9
         Potion            |       |     1 ||     1
 Armour: Robe              |    12 |       ||    12
         Leather armour    |     1 |     4 ||     5
  Dodge: Dodged            |    45 |    25 ||    70

Table legend:
 A = Non-vault XP
 B = Vault XP
 C = Vault XP percentage of total XP
 D = Non-vault monster count
 E = Vault monster count
 F = Vault count percentage of total count
                 A         B        C        D         E       F
            +---------+---------+-------+---------+---------+-------
      Total |     139 |      36 |  20.6 |      47 |       1 |   2.1
            +---------+---------+-------+---------+---------+-------
        D:1 |      42 |       0 |   0.0 |      26 |       0 |   0.0
        D:2 |      58 |       0 |   0.0 |      13 |       0 |   0.0
        D:3 |      39 |      36 |  48.0 |       8 |       1 |  11.1
            +---------+---------+-------+---------+---------+-------
